 Dungeon Sprint DCSS version 0.27-a0-216-g1fbed8a51c (webtiles) character file.

Game seed: 15602768749133433468

21568 mhtbhm the Bludgeoner (level 13, -2/181 HPs)
             Began as a Human Berserker on Feb 1, 2021.
             Was the Champion of Trog.
             Slain by a hornet (4 damage)
             ... while paralysed by a hornet
             ... in the Dungeon (Sprint I: "Red Sonja").
             The game lasted 00:11:11 (5085 turns).

mhtbhm the Bludgeoner (Human Berserker)             Turns: 5085, Time: 00:11:12

Health: -2/181     AC: 20    Str: 20    XL:     13   Next: 20%
Magic:  11/11      EV:  2    Int: 10    God:    Trog [******]
Gold:   1086       SH:  0    Dex: 10    Spells: 12/12 levels left

rFire    + . .     SeeInvis +   a - +2 great mace (holy)
rCold    + . .     Faith    .   (shield currently unavailable)
rNeg     . . .     Spirit   .   b - +3 chain mail {rC+}
rPois    .         Reflect  .   n - +1 helmet {SInv}
rElec    .         Harm     .   (no cloak)
rCorr    .         Rampage  .   m - +0 pair of gloves {Str+3}
Will     +....     NoTele   +   (no boots)
Stlth    ..........             (no amulet)
HPRegen  0.00/turn              y - ring of willpower
MPRegen  0.12/turn              t - ring of protection from fire

@: paralysed, berserking, lethally poisoned (-2 -> -11), slowed
A: blurry vision 1, clumsy 1, low mp 1, screaming 1, inhibited regeneration,
weak 2, no potion heal 1, subdued magic 1
a: Renounce Religion, Berserk, Trog's Hand, Brothers in Arms


You were in the Dungeon.
You worshipped Trog.
Trog was exalted by your worship.
You visited 1 branch You collected 3267 gold pieces.
You spent 2181 gold pieces at shops.

Inventory:

Hand Weapons
 a - a +2 great mace of holy wrath (weapon)
Missiles
 h - 10 curare-tipped darts (quivered)
Armour
 b - a +3 chain mail of cold resistance (worn)
 m - a +0 pair of gloves of strength (worn)
 n - a +1 helmet of see invisible (worn)
 s - the +1 buckler of Fedhas's Approval {Stlth+}
   (You bought it in a shop in the Dungeon)

   It makes you more stealthy.
Jewellery
 t - a ring of protection from fire (right hand)
 y - a ring of willpower (left hand)
Wands
 q - a wand of mindburst (3)
Scrolls
 j - a scroll of holy word
 o - 2 scrolls of blinking
 w - 2 scrolls of remove curse
 z - a scroll of immolation
Potions
 c - 6 potions of curing
 e - a potion of haste
 f - 2 potions of magic
 g - 2 potions of berserk rage
 i - a potion of cancellation
 l - 4 potions of flight
 p - a potion of attraction
 r - a potion of brilliance {unknown}
 u - 2 potions of lignification {unknown}
 v - a potion of ambrosia {unknown}
 x - a potion of mutation {unknown}
Miscellaneous
 d - a tin of tremorstones (2/2)
 k - a condenser vane


   Skills:
 + Level 17.5 Fighting
 + Level 17.9 Maces & Flails
 + Level 14.5 Armour
 + Level 11.0 Dodging
 + Level 5.3 Stealth
 + Level 1.9 Shields
 + Level 7.2 Unarmed Combat
 + Level 3.5 Evocations


You had 12 spell levels left.
You didn't know any spells.
Your spell library was empty.

Dungeon Overview and Level Annotations

Branches:
Dungeon (1/1)

Altars:
Cheibriados
Dithmenos
Elyvilon
Fedhas
Gozag
Hepliaklqana
Kikubaaqudgha
Makhleb
Nemelex Xobeh
Okawaru
Qazlal
Ru
Sif Muna
Trog
Uskayaw
Vehumet
Wu Jian
Xom
Yredelemnul
Zin
The Shining One
Jiyva
Lugonu

Shops:
D !!(?!!*[(}[*::}=[(?[:=


Innate Abilities, Weirdness & Mutations

Scrolls take you a little longer to read.
You are clumsy. (Dex -2)
Your magical capacity is low. (-10% MP)
You occasionally shout uncontrollably at your foes.
You do not regenerate when monsters are visible.
You are very weak. (Str -4)
Potions are less effective at restoring your health.
Your spells are a little easier to cast, but a little less powerful.


Message History

The hornet stings you but does no damage.
You hit the deep elf annihilator but do no damage.
You feel sick.
The hornet barely misses you. x2; The hornet stings you.
* * * LOW HITPOINT WARNING * * *
You shrug off the repeated paralysis!
The hornet barely misses you.
The deep elf annihilator hits you but does no damage.
Unknown command.
You bludgeon the deep elf annihilator!!
The deep elf annihilator is moderately wounded.
The hornet barely misses you. The hornet stings you.
* * * LOW HITPOINT WARNING * * *
You feel as though you will be slow longer.
The hornet stings you!
* * * LOW HITPOINT WARNING * * *
You suddenly lose the ability to move!
The hornet stings you but does no damage. x2
The hornet barely misses you.
* * * LOW HITPOINT WARNING * * *
You feel sick. The hornet stings you.
You die...

#######################**********
§§.)'§§§§..'..#^^+§...#,,,,,,,,,*
.####§§.§§##..'^^#§§.§##,,,,,,,,*
.#,*##§§§#######'#..§..#####,,,,*
.#+*,###§#[(!##.)#..§§§#...#,,,,*
##^,,*,#§##$$$#.e##.§§§#[∩!#,,,,*
^*,,,**#..###$#y@y###§##...#,,,,*
,+,,,,,##.#A#$#yy≈.|#§####§#,,,,*
,*^,,,,#..###$#..≈.##'#§§.§##,,,*
,***++*#.##..$#..≈##..§§^§§.##,,*
***,,**#..#+###..≈#.^§^.§§...#,,*
****,,*##...#,≈..##..^†.§....##,*
*,,*,,*,###.#,≈..#.......§....#,*
*,,,,,,,,,#.###..#....§.§.....#,*
*,,,,,,,,,#.#,+,,##..§....^..##,*


You could see a deep elf annihilator and 4 hornets.

Vanquished Creatures
  A golden dragon (D)
  A shadow dragon (D)
  A hydra (D)
  2 centaur warriors (D)
  Sonja (D)
  A deep troll (D)
  7 unseen horrors (D)
  A lindwurm (D)
  An oklob plant (D)
  8 shining eyes (D)
  2 merfolk sirens (D)
  4 demonic crawlers (D)
  2 kobold demonologists (D)
  A hellwing (D)
  A hornet (D)
  A slime creature (D)
  Sigmund (D)
  2 redbacks (D)
  13 hogs (D)
  A yak (D)
  7 floating eyes (D)
  7 necrophages (D)
  An ogre (D)
  8 jellies (D)
  Ijyb (D)
76 creatures vanquished.

Vanquished Creatures (others)
  A gargoyle (D)
  2 ballistomycete spores (D)
3 creatures vanquished.

Grand Total: 79 creatures vanquished

Notes
Turn   | Place    | Note
-------+----------+-------------------------------------------
     0 | D        | mhtbhm the Human Berserker began the quest for the Orb.
     0 | D        | Reached XP level 1. HP: 18/18 MP: 1/1
     2 | D        | Noticed Ijyb
     9 | D        | Killed Ijyb
    10 | D        | Reached XP level 2. HP: 26/26 MP: 2/2
    10 | D        | Reached XP level 3. HP: 31/31 MP: 3/3
   154 | D        | Noticed an ogre
   158 | D        | Killed an ogre
   159 | D        | Reached XP level 4. HP: 41/41 MP: 4/4
   159 | D        | Reached XP level 5. HP: 47/47 MP: 5/5
   239 | D        | Noticed Sigmund
   249 | D        | Killed Sigmund
   249 | D        | Reached ** piety under Trog
   250 | D        | Reached XP level 6. HP: 42/56 MP: 6/6
   337 | D        | Found an ornate altar of the Wu Jian Council.
   337 | D        | Found a shimmering blue altar of Sif Muna.
   339 | D        | Found a radiant altar of Vehumet.
   378 | D        | Found Hoif's Magic Scroll Emporium.
   378 | D        | Found an ancient bone altar of Kikubaaqudgha.
   378 | D        | Found a hazy altar of Hepliaklqana.
   378 | D        | Found a stormy altar of Qazlal.
   378 | D        | Found a hide-covered altar of Uskayaw.
   378 | D        | Found a blossoming altar of Fedhas.
   378 | D        | Found a bloodstained altar of Trog.
   378 | D        | Found an iron altar of Okawaru.
   378 | D        | Found a basalt altar of Yredelemnul.
   378 | D        | Found a glowing golden altar of the Shining One.
   378 | D        | Found a snail-covered altar of Cheibriados.
   378 | D        | Found a sacrificial altar of Ru.
   378 | D        | Found a glowing silver altar of Zin.
   378 | D        | Found a shadowy altar of Dithmenos.
   378 | D        | Found a white marble altar of Elyvilon.
   378 | D        | Noticed a yak
   391 | D        | Killed a yak
   392 | D        | Reached skill level 5 in Armour
   392 | D        | Reached XP level 7. HP: 20/64 MP: 7/7
   392 | D        | Found an opulent altar of Gozag.
   393 | D        | Found a sparkling altar of Nemelex Xobeh.
   397 | D        | Bought a scroll of holy word for 90 gold pieces
   637 | D        | Found a burning altar of Makhleb.
   637 | D        | Found a viscous altar of Jiyva.
   637 | D        | Found a shimmering altar of Xom.
   637 | D        | Found a corrupted altar of Lugonu.
   637 | D        | Noticed a slime creature
   646 | D        | Killed a slime creature
   646 | D        | Reached *** piety under Trog
   647 | D        | Reached skill level 10 in Fighting
   647 | D        | Reached skill level 10 in Maces & Flails
   647 | D        | Reached skill level 5 in Dodging
   858 | D        | Noticed a kobold demonologist
   862 | D        | Reached XP level 8. HP: 73/73 MP: 8/8
   865 | D        | Noticed a kobold demonologist
   867 | D        | Killed a kobold demonologist
   876 | D        | Killed a kobold demonologist
   876 | D        | Reached **** piety under Trog
  1014 | D        | Noticed a centaur warrior
  1015 | D        | Noticed a centaur warrior
  1021 | D        | Killed a centaur warrior
  1022 | D        | Reached XP level 9. HP: 62/82 MP: 9/9
  1026 | D        | Killed a centaur warrior
  1027 | D        | Reached skill level 1 in Stealth
  1188 | D        | Killed a gargoyle
  1197 | D        | Noticed a deep troll
  1209 | D        | Killed a deep troll
  1209 | D        | Reached ***** piety under Trog
  1210 | D        | Reached XP level 10. HP: 42/92 MP: 10/10
  1245 | D        | Found Deibonya's Armour Emporium.
  1557 | D        | Noticed an oklob plant
  1565 | D        | Killed an oklob plant
  1609 | D        | Received a gift from Trog
  1791 | D        | Killed an unseen horror
  1792 | D        | Reached skill level 15 in Maces & Flails
  1795 | D        | Killed an unseen horror
  2033 | D        | Reached ****** piety under Trog
  2034 | D        | Reached XP level 11. HP: 100/100 MP: 11/11
  2038 | D        | Received a gift from Trog
  2195 | D        | Found Qioxtohu's Armour Shoppe.
  2195 | D        | Found Isewk's Assorted Antiques.
  2195 | D        | Found Joos's Weapon Boutique.
  2197 | D        | Found Aliud's Gadget Emporium.
  2197 | D        | Found Kiacin's Armour Shop.
  2197 | D        | Found Yrphoc's Assorted Antiques.
  2197 | D        | Found Pudwuat's Book Boutique.
  2197 | D        | Found Zunouhod's Book Emporium.
  2197 | D        | Found Qoext's Gadget Shop.
  2197 | D        | Found Wisk's Jewellery Shoppe.
  2198 | D        | Bought a +0 pair of gloves of strength for 126 gold pieces
  2204 | D        | Found Ruedanoh's Armour Boutique.
  2205 | D        | Found Duinehie's Magic Scroll Emporium.
  2205 | D        | Found Ustukaoh's Antique Weapon Boutique.
  2206 | D        | Found Heichai's Book Emporium.
  2216 | D        | Bought a +1 helmet of see invisible for 214 gold pieces
  2224 | D        | Bought a scroll of blinking for 97 gold pieces
  2237 | D        | Bought a metallic coppery potion for 25 gold pieces
  2237 | D        | Bought a wooden wand for 112 gold pieces
  2237 | D        | Bought 2 lumpy coppery potions for 50 gold pieces
  2237 | D        | Bought a scroll labelled KUCIUN ZISI for 28 gold pieces
  2242 | D        | Bought a scroll labelled NYDAOBLICUG for 17 gold pieces
  2242 | D        | Bought a fuming purple potion for 15 gold pieces
  2242 | D        | Bought a fuming purple potion for 15 gold pieces
  2242 | D        | Bought a scroll of blinking for 127 gold pieces
  2242 | D        | Bought a murky sapphire potion for 15 gold pieces
  2242 | D        | Bought a ruby potion for 15 gold pieces
  2242 | D        | Bought a scroll labelled HENITY WORCHEPE for 17 gold pieces
  2242 | D        | Bought a metallic purple potion for 15 gold pieces
  2242 | D        | Bought a runed granite ring for 85 gold pieces
  2249 | D        | Bought a scroll of identify for 26 gold pieces
  2249 | D        | Bought a scroll of identify for 26 gold pieces
  2289 | D        | Noticed Sonja
  2292 | D        | Killed Sonja
  2307 | D        | Found Tuiziecoc's Distillery.
  2315 | D        | Bought 2 potions of flight for 84 gold pieces
  2390 | D        | Bought a scroll of identify for 24 gold pieces
  2390 | D        | Bought a scroll of identify for 24 gold pieces
  2390 | D        | Bought a scroll of identify for 24 gold pieces
  2428 | D        | Received a gift from Trog
  2436 | D        | Reached skill level 10 in Armour
  2436 | D        | Reached skill level 1 in Evocations
  2440 | D        | Reached skill level 15 in Fighting
  2625 | D        | Noticed a lindwurm
  2634 | D        | Killed a lindwurm
  2690 | D        | Reached skill level 10 in Dodging
  2693 | D        | Reached skill level 5 in Stealth
  2696 | D        | Received a gift from Trog
  2725 | D        | Received a gift from Trog
  2770 | D        | Noticed a 12-headed hydra
  3099 | D        | Killed a 12-headed hydra
  3236 | D        | Bought a glowing scale mail for 196 gold pieces
  3247 | D        | Bought a shiny chain mail for 210 gold pieces
  3253 | D        | Bought the +1 buckler of Fedhas's Approval {Stlth+} for 212
                  | gold pieces
  3321 | D        | Noticed a daeva
  3323 | D        | Noticed an unseen horror
  3323 | D        | Noticed an unseen horror
  3329 | D        | Killed an unseen horror
  3330 | D        | Reached XP level 12. HP: 102/111 MP: 12/12
  3331 | D        | Killed an unseen horror
  3335 | D        | Noticed an unseen horror
  3489 | D        | Killed an unseen horror
  3718 | D        | Noticed an unseen horror
  3736 | D        | Killed an unseen horror
  3736 | D        | Received a gift from Trog
  3744 | D        | Noticed an unseen horror
  3765 | D        | Killed an unseen horror
  4242 | D        | Bought a scroll of immolation for 42 gold pieces
  4268 | D        | Gained mutation: You are clumsy. (Dex -2) [a shining eye]
  4268 | D        | Gained mutation: Armour fits poorly on your strangely
                  | shaped body. [a shining eye]
  4269 | D        | Reached skill level 1 in Unarmed Combat
  4269 | D        | Gained mutation: You are weak. (Str -2) [a shining eye]
  4272 | D        | Gained mutation: You are very weak. (Str -4) [a shining
                  | eye]
  4272 | D        | Received a gift from Trog
  4273 | D        | Lost mutation: Armour fits poorly on your strangely shaped
                  | body. [a shining eye]
  4274 | D        | Reached skill level 1 in Shields
  4491 | D        | Gained mutation: Scrolls take you a little longer to read.
                  | [a shining eye]
  4491 | D        | Gained mutation: Your spells are a little easier to cast,
                  | but a little less powerful. [a shining eye]
  4492 | D        | Gained mutation: Your magical capacity is low. (-10% MP) [a
                  | shining eye]
  4494 | D        | Gained mutation: You occasionally shout uncontrollably at
                  | your foes. [a shining eye]
  4496 | D        | Gained mutation: Potions are less effective at restoring
                  | your health. [a shining eye]
  4505 | D        | Gained mutation: You do not regenerate when monsters are
                  | visible. [a shining eye]
  4562 | D        | Found Coen's Distillery.
  4562 | D        | Found Tihuebbe's Distillery.
  4562 | D        | Found Zurchi's Distillery.
  4562 | D        | Found Hoenef's Antique Weapon Emporium.
  4850 | D        | Noticed a shadow dragon
  4850 | D        | Noticed a golden dragon
  4860 | D        | Killed a golden dragon
  4861 | D        | Reached XP level 13. HP: 112/120 MP: 11/11
  4869 | D        | Killed a shadow dragon
  4942 | D        | Found Tingon's Jewellery Shoppe.
  4959 | D        | Bought an uncursed ring of protection from fire for 250
                  | gold pieces
  5041 | D        | Noticed a deep elf annihilator
  5058 | D        | Received a gift from Trog
  5080 | D        | Paralysed by a hornet for 2 turns
  5084 | D        | HP: 3/181 [hornet (10)]
  5084 | D        | Paralysed by a hornet for 3 turns
  5085 | D        | Slain by a hornet

Illustrated notes

Levels and vault maps discovered:
D:        dungeon_sprint_1 [red_sonja_temple_1, red_sonja_temple_small_1]

Skill      XL: |  1  2  3  4  5  6  7  8  9 10 11 12 13 |
---------------+----------------------------------------+-----
Fighting       | 4 6 8 9 10 12 13 14 16 17 | 17.5
Maces & Flails | 4 6 8 9 10 12 14 15 16 17 | 17.9
Armour         | 3 4 5 6 7 8 9 10 14 | 14.5
Dodging        | 3 4 5 6 7 8 10 11 | 11.0
Stealth        | 1 3 5 |  5.3
Evocations     | 2 3 |  3.5
Unarmed Combat | 6 7 |  7.2
Shields        | 1 |  1.9

Action                   |  1- 3 |  4- 6 |  7- 9 | 10-12 | 13-15 || total
-------------------------+-------+-------+-------+-------+-------++-------
Melee: Mace              |     9 |    24 |    45 |    34 |       ||   112
       Dire flail        |       |       |       |    64 |       ||    64
       Morningstar       |       |       |       |    87 |       ||    87
       Unarmed           |       |       |       |    36 |       ||    36
       Great mace        |       |       |       |     4 |    41 ||    45
Invok: Berserk           |     2 |     2 |     4 |    12 |     1 ||    21
       Brothers in Arms  |       |       |       |     1 |       ||     1
Evoke: Wand              |       |       |       |     3 |       ||     3
       Condenser vane    |       |       |       |     3 |       ||     3
  Use: Scroll            |       |       |     1 |     9 |     1 ||    11
       Potion            |       |       |       |     1 |       ||     1
Armor: Leather armour    |       |     1 |     4 |       |       ||     5
       Troll leather arm |       |       |       |     4 |       ||     4
       Chain mail        |       |       |       |    74 |    36 ||   110
Dodge: Dodged            |     6 |     8 |    19 |   131 |    24 ||   188
Block: Buckler           |       |       |       |     5 |       ||     5

Table legend: (Time is in decaauts)
 A = Elapsed time spent in this place.
 B = Non-inter-level travel time spent in this place.
 C = Inter-level travel time spent in this place.
 D = Time resting spent in this place.
 E = Time spent auto-exploring this place.
 F = Levels seen in this place.
 G = Mean time per level.
                   A        B        C        D        E       F      G
               +--------+--------+--------+--------+--------+-----+--------+
         Total |   5191 |   5107 |     84 |   3615 |      0 |   1 | 5191.0 |
       Dungeon |   5191 |   5107 |     84 |   3615 |      0 |   1 | 5191.0 |
               +--------+--------+--------+--------+--------+-----+--------+

Top non-repeatable levels by time:
       D: 5191 daAuts
